 Dungeon Crawl Stone Soup version 0.29-a0-43-g62a80824bf (webtiles) character file.

Game seed: 413098851278054181

2 senseless the Ducker (level 1, 10/10 HPs)
             Began as a Felid Fighter on Feb 2, 2022.
             Was a Follower of Makhleb.
             Quit the game on level 1 of the Dungeon.
             The game lasted 00:00:45 (97 turns).

senseless the Ducker (Felid Fighter)                  Turns: 97, Time: 00:00:46

Health: 10/10      AC:  1    Str: 12    XL:     1   Next: 25%
Magic:  2/2        EV: 18    Int:  9    God:    Makhleb [*.....]
Gold:   24         SH:  0    Dex: 15    Spells: 0/0 levels left
                                        Lives:  0   Deaths: 0

rFire   . . .      SeeInvis +     - Unarmed
rCold   . . .      Faith    .   (shield unavailable)
rNeg    . . .      Spirit   .   (armour unavailable)
rPois   .          Reflect  .   (helmet unavailable)
rElec   .          Harm     .   (cloak unavailable)
rCorr   .          Rampage  .   (gloves unavailable)
Will    .....                   (boots unavailable)
Stlth   +.........              (no amulet)
HPRegen 0.03/turn               (no ring)
MPRegen 0.08/turn               (no ring)

@: quick
A: very small, claws 1, fangs 3, see invisible, speed 1, shaggy fur 1, stealthy
paws, no weapons or thrown items, no armour, multi-lived
a: Renounce Religion


You were on level 1 of the Dungeon.
You worshipped Makhleb.
Makhleb was aware of your devotion.
You visited 1 branch of the dungeon, and saw 1 of its levels.

You collected 24 gold pieces.

Inventory:

Scrolls
 b - a scroll of identify {unknown}
Potions
 a - a potion of might


   Skills:
 + Level 3.0 Fighting
 + Level 4.0 Dodging
 + Level 4.0 Unarmed Combat


You couldn't memorise any spells.
You didn't know any spells.
Your spell library was empty.

Dungeon Overview and Level Annotations

Branches:
Dungeon (1/15)

Altars:
Makhleb


Innate Abilities, Weirdness & Mutations

You have sharp claws.
You have razor-sharp teeth.
You have supernaturally acute eyesight. (SInv)
You cover ground quickly. (Speed+)
You are covered in fur. (AC +1)
Your paws help you pounce on unaware monsters.
You are incapable of wielding weapons or throwing items.
You cannot wear armour.
You gain extra lives every three experience levels.


Message History

A frilled lizard comes into view.
The frilled lizard hisses angrily.
You scratch the frilled lizard.
You kill the frilled lizard!
No target in view!
You open the door.
A bat comes into view.
There is an open door here.
The bat closely misses you.
You scratch the bat.
The bat is moderately wounded.
The bat misses you.
You completely miss the bat.
The bat is moderately wounded.
The bat completely misses you. The bat completely misses you.
You scratch the bat.
The bat is heavily wounded.
The bat closely misses you. The bat hits you but does no damage.
You closely miss the bat. You bite the bat, but do no damage.
The bat is heavily wounded.
The bat closely misses you. The bat barely misses you.
The bat barely misses you. The bat hits you. The bat barely misses you.
You scratch the bat.
You kill the bat!
No target in view!
HP restored.
You open the door.
There is an open door here.
Found a spear.
Found a faded altar of an unknown god.
b - a scroll labelled VIOPEYRCHYD
There is a faded altar of an unknown god here.
You cannot tell which god this altar belongs to.
Convert to them anyway?
Makhleb accepts your prayer! Makhleb welcomes you!
You can now gain health from killing.
Are you sure you want to abandon this character and quit the game? (Confirm with "yes".)

........# ........#
........# #########
........###.....).#
........'....###..##
........#...#...#...
........#.##..8.⌠#
#########..#.8..##
#.##...#@#
#...#⌠#∩#...#
#.######..8.# #..
.8..# ..#.# ##..#
#.# .#


There were no monsters in sight!

Vanquished Creatures
  A bat (D:1)
  A frilled lizard (D:1)
2 creatures vanquished.

Notes
Turn   | Place    | Note
-------+----------+-------------------------------------------
     0 | D:1      | senseless the Felid Fighter began the quest for the Orb.
     0 | D:1      | Reached XP level 1. HP: 10/10 MP: 2/2
    82 | D:1      | Found a faded altar of an unknown god.
    96 | D:1      | Prayed at the altar of an unknown god.
    96 | D:1      | Became a worshipper of Makhleb the Destroyer
    96 | D:1      | Reached * piety under Makhleb
    97 | D:1      | Quit the game

Illustrated notes

Levels and vault maps discovered:
D:1:      saegor_arrival_simple_e, layout_basic, shapermc_ecumenical_altar_venn,
          minmay_cut_off

Action                   || total
-------------------------++-------
Melee: Unarmed           ||     6
       Bite              ||     1
Armor: Skin              ||     1
Dodge: Dodged            ||     9

Table legend: (Time is in decaauts)
 A = Elapsed time spent in this place.
 B = Non-inter-level travel time spent in this place.
 C = Inter-level travel time spent in this place.
 D = Time resting spent in this place.
 E = Time spent auto-exploring this place.
 F = Levels seen in this place.
 G = Mean time per level.
                   A        B        C        D        E       F      G
               +--------+--------+--------+--------+--------+-----+--------+
         Total |     83 |     83 |      0 |      0 |     60 |   1 |   83.0 |
       Dungeon |     83 |     83 |      0 |      0 |     60 |   1 |   83.0 |
               +--------+--------+--------+--------+--------+-----+--------+

Top non-repeatable levels by time:
     D:1: 83 daAuts
